 Dungeon Crawl Stone Soup version 0.26.1-2-gb8aa6d0cf2 (console) character file.

Game seed: 8040901662348475445

148768 om the Impregnable (level 16, -2/141 HPs)
             Began as a Minotaur Berserker on Feb 15, 2021.
             Was the Champion of Trog.
             Slain by a shock serpent (14 damage)
             ... on level 4 of the Snake Pit on Feb 16, 2021.
             The game lasted 01:22:23 (40454 turns).

om the Impregnable (Minotaur Berserker)            Turns: 40454, Time: 01:22:24

Health: -2/141     AC: 21    Str: 21    XL:     16   Next: 95%
Magic:  15/15      EV: 21    Int: 12    God:    Trog [******]
Gold:   3030       SH: 17    Dex: 23    Spells: 15/15 levels left

rFire    + + .     SeeInvis .   a - +2 war axe {flame, rPois Int+3 Dex+5}
rCold    . . .     Faith    .   I - +0 kite shield
rNeg     . . .     Spirit   .   l - +0 fire dragon scales
rPois    +         Reflect  +   P - +1 hat
rElec    .         Harm     .   K - +0 cloak
rCorr    .         Rampage  .   w - +0 pair of gloves
Will     ++++.                  (no boots)
Stlth    ..........             v - amulet of reflection
HPRegen  1.33/turn              Z - ring "Kuli" {Will+ Int+5}
MPRegen  0.14/turn              V - ring of protection from cold

@: regenerating, studying Crossbows
A: retaliatory headbutt, horns 2
a: Renounce Religion, Berserk, Trog's Hand, Brothers in Arms


You were on level 4 of the Snake Pit.
You worshipped Trog.
Trog was exalted by your worship.
You visited 4 branches of the dungeon, and saw 27 of its levels.
You also visited: Ice Cave and Volcano.

You collected 4114 gold pieces.
You spent 1084 gold pieces at shops.

Inventory:

Hand Weapons
 a - the +2 war axe of Ehyig (weapon) {flame, rPois Int+3 Dex+5}
   (Trog gifted it to you on level 13 of the Dungeon)

   It has been specially enchanted to burn those struck by it, causing extra
   injury to most foes and up to half again as much damage against particularly
   susceptible opponents.
   Big, fiery blades are also staple armaments of hydra-hunters.
   It affects your intelligence (+3).
   It affects your dexterity (+5).
   It protects you from poison.
 b - a +1 hand crossbow
Missiles
 R - 137 bolts
Armour
 l - +0 fire dragon scales (worn)
 w - a +0 pair of gloves (worn)
 I - a +0 kite shield (worn)
 K - a +0 cloak (worn)
 P - a +1 hat (worn)
 X - the +5 scale mail "Poj Tybo" {Harm rElec Dex-2}
   (You found it on level 3 of the Lair of Beasts)

   It affects your dexterity (-2).
   It insulates you from electricity.
   It increases damage dealt and taken.
Jewellery
 m - an uncursed ring of positive energy
 o - a +4 ring of slaying
 r - an uncursed ring of flight
 v - an amulet of reflection (around neck)
 y - an uncursed ring of fire
 T - an uncursed ring of see invisible
 U - a +6 ring of intelligence
 V - a ring of protection from cold (right hand)
 Z - the ring "Kuli" (left hand) {Will+ Int+5}
   (You bought it in a shop on level 4 of the Snake Pit)

   [ring of willpower]

   It affects your intelligence (+5).
   It affects your willpower, your defense against some magical effects.
Wands
 f - a wand of acid (26)
 j - a wand of paralysis (15)
 q - a wand of iceblast (42)
 B - a wand of flame (16)
 D - a wand of digging (8)
 J - a wand of random effects (34)
 N - a wand of polymorph (9)
Scrolls
 d - a scroll of holy word
 g - 2 scrolls of magic mapping
 h - 12 scrolls of remove curse
 k - 3 scrolls of enchant armour
 n - 3 scrolls of summoning
 p - 7 scrolls of teleportation
 t - 2 scrolls of vulnerability
 u - 3 scrolls of blinking
 x - 2 scrolls of fog
 z - 2 scrolls of fear
 A - a scroll of enchant weapon
 G - 6 scrolls of immolation
 S - a scroll of brand weapon {unknown}
 Y - a scroll of identify
Potions
 c - 3 potions of magic
 e - 2 potions of invisibility
 i - 3 potions of resistance
 s - 4 potions of haste
 C - 4 potions of ambrosia
 E - 7 potions of curing
 F - 8 potions of berserk rage
 H - a potion of cancellation
 L - 4 potions of flight
 M - 3 potions of might
 W - 2 potions of heal wounds
Books
 O - a manual of Crossbows
Miscellaneous
 Q - a box of beasts


   Skills:
 + Level 12.5 Fighting
 - Level 14.0 Axes
 - Level 10.0 Crossbows
 + Level 22.4 Armour
 * Level 15.6 Dodging
 - Level 7.0 Shields
 - Level 4.0 Evocations


You had 15 spell levels left.
You didn't know any spells.
Your spell library was empty.

Dungeon Overview and Level Annotations

Branches:
Dungeon (15/15)            Temple (0/1) D:7            Lair (6/6) D:8
  Swamp (0/4) Lair:4        Snake (4/4) Lair:4        Slime (0/5) Lair:5
    Orc (2/2) D:9             Elf (0/3) Orc:2        Vaults (0/5) D:14
 Depths (0/5) D:15          IceCv (visited)         Volcano (visited)

Altars:
Cheibriados
Fedhas
Gozag
Makhleb
Okawaru
Trog
Uskayaw
Wu Jian
The Shining One
Beogh
Jiyva

Shops:
D:4 =   D:6 !   D:9 =   Orc:1 *   Orc:2 !:*[   Snake:4 !=

Portals:
Hell: Lair:6
Trove: D:15 (give 2 scrolls of acquirement)

Annotations:
D:11 2 transporters, casanoah's ghost, novice TeAE


Innate Abilities, Weirdness & Mutations

You reflexively headbutt those who attack you in melee.
You have a pair of horns on your head.


Message History

The shock serpent shoots out a bolt of lightning at you!
The bolt of electricity hits you!
* * * LOW HITPOINT WARNING * * *
You slash the shock serpent! You burn the shock serpent.
The shock serpent is severely wounded.
You block the shock serpent's attack.
Okay, then.
Non-targeted abil: Berserk
Press: ? - help, Q - select action, (/) - cycle Dir - look around, f - activate
Okay, then.
Your skin crawls.
You feel strong-willed.
The shock serpent shoots out a bolt of lightning at you!
The bolt of electricity hits the shock serpent.
The shock serpent completely resists.
The bolt of electricity hits you!
* * * LOW HITPOINT WARNING * * *
The shock serpent bites you!
* * * LOW HITPOINT WARNING * * *
The shock serpent shocks you!
You die...

.......().....(#....#.......(....
.#####.##.....##.. #............
.# #.##..((.##.## #............
.# #.##.((..##..# #.........(..
.#####.##.....##..#####+#########
.#.....##.....#8..8##
.#.######....().....#
.#.........###†.....#
.#########..###8..8## ≈ .#
#<#...###..## § .# #.#.^.# #@##
####+#≈ .# #.#...# #S# #.....§ .#
#.#...# #S# #...... .# #.#..##
... #...NN. .# #.#.## ... #..NN..
.#######.#.# #.... #.NN.≈≈
.##...##.#. #.... #..§≈≈§
..'..)'..# #..... #...≈≈§§
..#...#### #...≈≈≈## ..#...#
#.?≈≈≈### ..#...# #..≈≈≈##


You could see 2 shock serpents.

Vanquished Creatures
  An acid blob (shapeshifter) (D:14)
  Aizul (Snake:3)
  The ghost of Sede the Severer, a journeyman HOFi of Okawaru (Lair:6)
  3 entropy weavers (Lair:3)
  A dire elephant (Lair:6)
  Snorg (Lair:5)
  An ettin (Orc:1)
  14 hydras
  A vault guard (D:14)
  3 ghost crabs (Lair:3)
  The ghost of littlecub the Covert, a journeyman SpEn of Dithmenos (Lair:3)
  3 anacondas
  A centaur warrior (D:14)
  5 naga warriors
  3 two-headed ogres
  6 death yaks (Lair:6)
  A dancing weapon (D:14)
  An orc high priest (Orc:2)
  2 shock serpents (Snake:2)
  7 naga sharpshooters
  A sun demon (Lair:6)
  6 fire crabs (Lair:3)
  6 skeletal warriors
  2 naga ritualists (Snake:4)
  3 unseen horrors
  2 cherubim (D:14)
  2 lindwurms (Snake:4)
  3 wizards
  An orc knight (Orc:2)
  An anaconda skeleton (Volcano)
  3 bog bodies (Lair:4)
  A deep elf mage (D:15)
  A wolf spider (D:15)
  7 manticores
  10 ugly things
  8 mana vipers
  4 orc sorcerers (Orc:2)
  9 salamanders
  Maurice (D:13)
  5 oklob plants
  4 cyclopes
  A guardian serpent (Snake:1)
  20 elephants
  19 black mambas
  An apocalypse crab (Lair:3)
  3 orange demons (Lair:6)
  5 gargoyles (Volcano)
  2 ice statues (IceCv)
  Psyche (D:10)
  10 cane toads
  A smoke demon (Lair:6)
  3 centaur zombies
  4 kobold demonologists
  Maggie (Lair:2)
  10 naga magi
  The ghost of teolandon225 the Covert, a novice SpEn of Dithmenos (D:6)
  12 rime drakes
  A freezing wraith (D:15)
  5 komodo dragons
  2 efreet
  3 ice devils (Lair:6)
  9 trolls
  6 meliai
  7 polar bears
  2 harpy skeletons (Volcano)
  A meliai (shapeshifter) (D:15)
  6 slime creatures (D:15)
  19 blink frogs
  2 flying skulls (Volcano)
  A centaur simulacrum (D:14)
  4 alligator skeletons (Volcano)
  13 wyverns
  A redback (shapeshifter) (D:15)
  30 yaks
  3 steam dragons
  10 basilisks
  A death yak simulacrum (Lair:3)
  22 nagas
  10 vampire mosquitoes
  5 wargs
  Edmund (D:5)
  2 spectral cane toads (Lair:3)
  A swamp worm (Lair:4)
  A soldier ant (D:12)
  An acid dragon (D:14)
  4 hell hounds (Lair:6)
  A hydra simulacrum (Lair:3)
  13 water moccasins
  25 orc warriors
  A hornet zombie (D:14)
  An eye of draining (D:10)
  7 ice beasts
  A sky beast (D:11)
  3 black bears
  6 phantoms
  A black mamba simulacrum (Lair:3)
  16 wolves
  17 ogres
  8 centaurs
  The ghost of FancyManDan the Insei, an amateur DsTm (D:3)
  5 big kobolds
  21 bullfrogs
  2 wyvern zombies
  2 gnoll sergeants
  4 scorpions
  A water moccasin skeleton (D:8)
  8 wights
  6 electric eels
  3 howler monkeys
  A bullfrog zombie (D:9)
  25 orc priests
  11 hounds
  7 centaur skeletons
  2 jellies
  37 orc wizards
  A bullfrog skeleton (D:10)
  3 iguanas
  14 worker ants
  7 hell rats (Lair:4)
  3 hound zombies
  4 naga skeletons (Volcano)
  A hound skeleton (D:4)
  A worker ant zombie (D:6)
  11 gnolls
  9 adders
  2 shadow imps
  2 white imps
  3 ufetubi
  2 oozes
  An adder zombie (D:6)
  4 worms
  4 dart slugs
  4 leopard geckos
  92 orcs
  9 bats
  7 giant cockroaches
  13 goblins
  10 hobgoblins
  8 jackals
  4 quokkas
  3 ball pythons
  7 frilled lizards
  28 kobolds
  A quokka zombie (D:8)
  7 rats
905 creatures vanquished.

Vanquished Creatures (collateral kills)
  Saint Roka (Orc:2)
  An ugly thing (IceCv)
  5 ice beasts (IceCv)
  2 orcs (Orc:2)
9 creatures vanquished.

Vanquished Creatures (others)
  A flying skull (Volcano)
  An orc priest (Orc:2)
  5 bushes (Lair:6)
  49 fungi
  217 plants
273 creatures vanquished.

Grand Total: 1187 creatures vanquished

Notes
Turn   | Place    | Note
-------+----------+-------------------------------------------
     0 | D:1      | om the Minotaur Berserker began the quest for the Orb.
     0 | D:1      | Reached XP level 1. HP: 19/19 MP: 0/0
   351 | D:1      | Reached XP level 2. HP: 27/27 MP: 1/1
   905 | D:1      | Reached XP level 3. HP: 33/33 MP: 2/2
  1106 | D:2      | Reached skill level 3 in Armour
  1204 | D:2      | Reached ** piety under Trog
  1410 | D:2      | Reached XP level 4. HP: 40/40 MP: 3/3
  1412 | D:2      | Noticed an orc warrior
  1427 | D:2      | Killed an orc warrior
  1428 | D:2      | Reached skill level 5 in Axes
  1428 | D:2      | Reached XP level 5. HP: 46/46 MP: 4/4
  1740 | D:2      | Reached skill level 4 in Armour
  1759 | D:2      | You fall into a shaft and drop 2 floors!
  1759 | D:4      | Found Utauj's Jewellery Emporium.
  1924 | D:4      | Noticed a phantom
  1945 | D:4      | Killed a phantom
  1946 | D:4      | Reached XP level 6. HP: 47/52 MP: 5/5
  1961 | D:4      | Reached skill level 5 in Armour
  2246 | D:3      | Reached *** piety under Trog
  2374 | D:3      | Reached skill level 5 in Dodging
  2688 | D:3      | Reached XP level 7. HP: 40/59 MP: 6/6
  3117 | D:3      | Found a runed translucent door.
  3122 | D:3      | Noticed FancyManDan's ghost (amateur DsTm)
  3128 | D:3      | Killed FancyManDan's ghost
  3129 | D:3      | Reached skill level 1 in Evocations
  3666 | D:5      | Entered Level 5 of the Dungeon
  3681 | D:5      | Reached skill level 6 in Armour
  3733 | D:5      | Noticed Edmund
  3746 | D:5      | Killed Edmund
  3750 | D:5      | Reached **** piety under Trog
  3854 | D:5      | Found an opulent altar of Gozag.
  3856 | D:5      | Found a snail-covered altar of Cheibriados.
  3859 | D:5      | Found an iron altar of Okawaru.
  4083 | D:5      | Found a bloodstained altar of Trog.
  4247 | D:6      | Reached XP level 8. HP: 65/66 MP: 7/7
  4269 | D:6      | Found Gudypuc's Distillery.
  4278 | D:6      | Bought a potion of curing for 33 gold pieces
  4278 | D:6      | Bought a potion of attraction for 33 gold pieces
  4278 | D:6      | Bought a potion of berserk rage for 55 gold pieces
  4278 | D:6      | Bought a potion of brilliance for 44 gold pieces
  4288 | D:6      | Reached skill level 7 in Armour
  4320 | D:6      | Found a runed translucent door.
  4321 | D:6      | Noticed teolandon225's ghost (novice SpEn)
  4585 | D:6      | Found a blossoming altar of Fedhas.
  4599 | D:6      | Noticed an oklob plant
  4789 | D:6      | Killed an oklob plant
  4790 | D:6      | Reached skill level 8 in Armour
  5345 | D:6      | Reached XP level 9. HP: 61/71 MP: 8/8
  5499 | D:6      | Reached skill level 9 in Armour
  5809 | D:6      | Killed teolandon225's ghost
  6104 | D:7      | Reached skill level 10 in Armour
  6456 | D:7      | Reached skill level 1 in Shields
  6464 | D:7      | Found a staircase to the Ecumenical Temple.
  6864 | D:8      | Identified a scroll of acquirement
  6991 | D:8      | Found a staircase to the Lair.
  7057 | D:8      | Reached ***** piety under Trog
  7250 | D:8      | Noticed a troll
  7261 | D:8      | Killed a troll
  7799 | D:8      | Reached XP level 10. HP: 80/80 MP: 9/9
  7800 | D:8      | Reached skill level 5 in Fighting
  8010 | D:8      | Found a glowing golden altar of the Shining One.
  8183 | D:8      | Found a burning altar of Makhleb.
  8695 | D:9      | Found a staircase to the Orcish Mines.
  8722 | D:9      | Found Paann's Jewellery Shoppe.
  8741 | D:9      | Received a gift from Trog
  9004 | D:9      | Noticed a purple ugly thing
  9020 | D:9      | Killed a purple ugly thing
  9021 | D:9      | Reached skill level 10 in Dodging
  9098 | D:9      | Found an ornate altar of the Wu Jian Council.
  9704 | D:9      | Reached skill level 1 in Crossbows
  9812 | D:9      | Found a hide-covered altar of Uskayaw.
 10032 | D:10     | Entered Level 10 of the Dungeon
 10048 | D:10     | Reached skill level 11 in Armour
 10144 | D:10     | Noticed Psyche
 10158 | D:10     | Killed Psyche
 10417 | D:10     | Reached skill level 5 in Shields
 10431 | D:10     | Reached skill level 5 in Crossbows
 10987 | D:11     | Noticed a cyclops
 10987 | D:11     | Noticed a two-headed ogre
 10990 | D:11     | Noticed casanoah's ghost (novice TeAE)
 10990 | D:11     | Noticed a deep troll
 11001 | D:11     | Found a transporter.
 11009 | D:11     | Found a transporter.
 11046 | D:11     | Noticed a cyclops
 11059 | D:11     | Killed a cyclops
 11060 | D:11     | Reached XP level 11. HP: 89/89 MP: 10/10
 11372 | D:11     | Noticed an eight-headed hydra
 11382 | D:11     | Killed a one-headed hydra
 11779 | D:11     | Received a gift from Trog
 11790 | D:11     | Reached skill level 12 in Armour
 11805 | D:11     | Noticed a purple ugly thing
 11865 | D:10     | Killed a purple ugly thing
 12279 | D:11     | Got a twisted rapier
 13279 | D:12     | Noticed a two-headed ogre
 13290 | D:12     | Killed a two-headed ogre
 13291 | D:12     | Reached skill level 10 in Axes
 13294 | D:12     | Reached skill level 10 in Crossbows
 14300 | D:13     | Noticed a green ugly thing
 14310 | D:13     | Killed a green ugly thing
 14313 | D:13     | Noticed a skeletal warrior
 14313 | D:13     | Noticed a skeletal warrior
 14316 | D:13     | Noticed a skeletal warrior
 14897 | D:9      | Bought an uncursed ring of see invisible for 165 gold
                  | pieces
 14897 | D:9      | Acquired 536 gold pieces
 15081 | D:12     | Noticed an unseen horror
 15089 | D:12     | Killed an unseen horror
 15105 | D:13     | Killed a skeletal warrior
 15106 | D:13     | Reached XP level 12. HP: 103/103 MP: 11/11
 15306 | D:13     | Noticed Maurice
 15988 | D:13     | Killed Maurice
 15989 | D:13     | Reached skill level 10 in Fighting
 16800 | D:13     | Reached skill level 13 in Armour
 16814 | D:13     | Noticed a two-headed ogre
 16822 | D:13     | Killed a two-headed ogre
 17328 | D:13     | Received a gift from Trog
 17333 | D:13     | Got a jewelled war axe {god gift}
 17334 | D:13     | Identified the +2 war axe of Ehyig {flame, rPois Int+3
                  | Dex+5} (Trog gifted it to you on level 13 of the Dungeon)
 17842 | D:14     | Reached skill level 14 in Armour
 17880 | D:14     | Noticed a five-headed hydra
 17892 | D:14     | Killed a one-headed hydra
 18036 | D:14     | Reached XP level 13. HP: 49/113 MP: 12/12
 18955 | D:14     | Noticed an iron dragon
 18965 | D:14     | Noticed an acid blob
 18965 | D:14     | an iron dragon changed into an acid blob
 18968 | D:14     | Killed an acid blob
 18969 | D:14     | Reached skill level 15 in Armour
 19391 | D:14     | Found a gate to the Vaults.
 19654 | Lair:1   | Entered Level 1 of the Lair of Beasts
 21230 | Lair:2   | Noticed Maggie
 21238 | Lair:2   | Killed Maggie
 21305 | Lair:2   | Reached XP level 14. HP: 124/124 MP: 13/13
 22308 | Lair:3   | Reached ****** piety under Trog
 22643 | Lair:3   | Found a runed translucent gate.
 22644 | Lair:3   | Found a runed translucent gate.
 22645 | Lair:3   | Found a runed translucent gate.
 22646 | Lair:3   | Noticed littlecub's ghost (journeyman SpEn)
 22680 | Lair:3   | Received a gift from Trog
 22948 | Lair:3   | Found a runed translucent door.
 23067 | Lair:3   | Killed littlecub's ghost
 24774 | Lair:3   | Reached skill level 16 in Armour
 24781 | Lair:3   | Got a polished scale mail
 24787 | Lair:3   | Got a heavily runed golden ring
 24799 | Lair:3   | Identified the ring "Owakk" {*Corrode +Fly rN+ Int+6} (You
                  | found it on level 3 of the Lair of Beasts)
 24800 | Lair:3   | Identified the +5 scale mail "Poj Tybo" {Harm rElec Dex-2}
                  | (You found it on level 3 of the Lair of Beasts)
 25177 | Lair:4   | Found a staircase to the Snake Pit.
 26363 | Lair:4   | Found a staircase to the Swamp.
 26840 | Lair:5   | Found the +8 whip "Snakebite" {curare, rPois}
 26840 | Lair:5   | Noticed Snorg
 26846 | Lair:5   | Killed Snorg
 27170 | Lair:5   | Found a viscous altar of Jiyva.
 27170 | Lair:5   | Found a staircase to the Slime Pits.
 27380 | Lair:5   | Reached XP level 15. HP: 132/132 MP: 14/14
 28005 | Lair:6   | Entered Level 6 of the Lair of Beasts
 28024 | Lair:6   | Reached skill level 17 in Armour
 28024 | Lair:6   | Reached skill level 15 in Dodging
 28044 | Lair:6   | Found a dark tunnel.
 28051 | Volcano  | Entered a volcano
 29051 | Lair:6   | Reached skill level 18 in Armour
 29187 | Lair:6   | Received a gift from Trog
 29472 | Lair:6   | Found a burning altar of Makhleb.
 29511 | Lair:6   | Found a gateway to Hell.
 29790 | Lair:6   | Reached skill level 19 in Armour
 30026 | Lair:6   | Found a runed translucent door.
 30026 | Lair:6   | Noticed Sede's ghost (journeyman HOFi)
 30080 | Lair:6   | Killed Sede's ghost
 31078 | Orc:1    | Entered Level 1 of the Orcish Mines
 31253 | Orc:1    | Received a gift from Trog
 31471 | Orc:1    | Found Vor Qued's General Store.
 32204 | Orc:2    | Entered Level 2 of the Orcish Mines
 32582 | Orc:2    | Noticed Saint Roka
 32722 | Orc:2    | Paralysed by an orc sorcerer for 2 turns
 32740 | Orc:2    | Found a frozen archway.
 32744 | IceCv    | Entered an ice cave
 32754 | IceCv    | Reached skill level 20 in Armour
 33172 | IceCv    | Found a transporter.
 33323 | IceCv    | Found a transporter.
 33768 | Orc:2    | Reached XP level 16. HP: 102/139 MP: 15/15
 33803 | Orc:2    | Killed Saint Roka
 33954 | Orc:2    | Found a staircase to the Elven Halls.
 33977 | Orc:2    | Received a gift from Trog
 34311 | Orc:2    | Found Azeenis's Book Shoppe.
 34311 | Orc:2    | Found Pycliaz's Distillery.
 34314 | Orc:2    | Found Pagon's Assorted Antiques.
 34316 | Orc:2    | Found Raumy's Armour Emporium.
 34321 | Orc:2    | Bought a potion of heal wounds for 140 gold pieces
 34444 | Orc:1    | Found a roughly hewn altar of Beogh.
 34706 | D:15     | Entered Level 15 of the Dungeon
 35239 | D:15     | Found a portal to a secret trove of treasure.
 36208 | D:15     | Reached skill level 21 in Armour
 36223 | D:15     | Found a staircase to the Depths.
 36749 | Snake:1  | Entered Level 1 of the Snake Pit
 36849 | Snake:1  | You fall into a shaft and drop 1 floor!
 37487 | Snake:2  | Received a gift from Trog
 37488 | Snake:2  | Got a transparent great sword {god gift}
 37897 | Snake:3  | Reached skill level 22 in Armour
 38066 | Snake:4  | Entered Level 4 of the Snake Pit
 39073 | Snake:3  | Noticed Aizul
 39086 | Snake:3  | Killed Aizul
 39601 | Snake:4  | Found Gorosuxas's Distillery.
 40041 | Snake:4  | Found Edghyphiq's Jewellery Shop.
 40171 | Snake:4  | Bought the ring "Kuli" {Will+ Int+5} for 510 gold pieces
 40180 | Snake:4  | Bought a potion of curing for 39 gold pieces
 40180 | Snake:4  | Bought a potion of heal wounds for 65 gold pieces
 40454 | Snake:4  | Slain by a shock serpent

Illustrated notes

Levels and vault maps discovered:
D:1:      dpeg_arrival_water_temple_mockup, layout_loops_corners, st_stairs_13
D:2:      layout_rooms, kennysheep_doodads
D:3:      layout_loops_ring, ebering_ghost_reflecting_pool
D:4:      layout_rooms, serial_shops, shop
D:5:      layout_rooms, grunt_temple_overflow_open, trog_three_pillars_becter,
          uniq_edmund
D:6:      layout_basic, tgw_fedhas, ebering_ghost_reflecting_pool, serial_shops,
          nicolae_shop_crystal, minmay_a_box_with_orc_wizards_in_it
D:7:      layout_layer_cave, minmay_temple_entry_waves
D:8:      layout_cave_pods, old_standard_altar, erik_lair_island, tso_metal_star
D:9:      layout_gridville, pdpol_wu_jian_five_deadly_venoms,
          lemuel_coloured_pillars_altar, david_orc_3, serial_shops, shop
D:10:     layout_roguey, uniq_psyche
D:11:     layout_cave_pools, gammafunk_ghost_arena
D:12:     layout_rooms
D:13:     layout_loops_ring, minmay_bent, uniq_maurice
D:14:     layout_irregular_city, david_vaults_5, palyth_stone_intersect, pf_eden
D:15:     hangedman_depths_entry_try_elsewhere_first, layout_layer_cave,
          nicolae_trove_entry_crossroad, minmay_fountain_box
Lair:1:   layout_roguey, serial_bayou_crossing
Lair:2:   minmay_lair_oklob_tunnel, layout_chaotic_city, beast_lair_carwin_1,
          uniq_maggie
Lair:3:   gammafunk_mikee_crab_dinner, layout_gridlike,
          gammafunk_ghost_necromancy
Lair:4:   layout_layer_cave, nicolae_swamp_entry_splash_gauntlet,
          guppyfry_snake_entry_garden, special_room [special_room_mythical_zoo],
          nicolae_quartered_pool_little, lemuel_fruit_fields,
          infiniplex_staircase_pool
Lair:5:   layout_long_grid, dpeg_slime_entry_enclosed_altar,
          lemuel_fruit_fields, uniq_snorg
Lair:6:   evil_forest, layout_misc_corridors, hellmonk_ghost_happy_afterlife,
          serial_forest, infiniplex_forest_straight_3,
          infiniplex_forest_clump_long, infiniplex_forest_lined_3_way,
          infiniplex_forest_end_2, infiniplex_forest_end_2,
          infiniplex_forest_end_double, infiniplex_forest_clump_medium,
          infiniplex_forest_clump_diagonal, enter_volcano_2,
          serial_bayou_pond_b, lemuel_fruit_tree
Snake:1:  layout_grid_maze, library_closet
Snake:2:  layout_gridlike, hangedman_venom_bottle, minmay_shop_grove
Snake:3:  layout_cave_town, minmay_shop_mayhem, uniq_aizul
Snake:4:  snake_pit_salamanders_mu, layout_basic, serial_shops, shop_statue,
          nicolae_shop_competitors_out_of_business, shop, shop, shop,
          st_stairs_6, drop_trap
Orc:1:    nicolae_orc_accident_1, layout_diamond_mine, serial_shops,
          nicolae_shop_waterfront, nicolae_orc_sculptors_studio, mines2_david
Orc:2:    st_orc_mages, layout_caves, portal_ice_cave_entry_pillars_1,
          uniq_saint_roka

Skill      XL: |  1  2  3  4  5  6  7  8  9 10 11 12 13 14 15 16 |
---------------+-------------------------------------------------+-----
Axes           | 4 5 6 8 10 13 14 | 14.0
Fighting       | 4 6 8 10 11 12 | 12.5
Armour         | 3 4 5 6 8 10 11 12 14 15 16 20 22 | 22.4
Dodging        | 3 4 5 6 8 9 10 12 13 14 15 | 15.6
Evocations     | 2 4 |  4.0
Shields        | 2 5 7 |  7.0
Crossbows      | 5 10 | 10.0

Action                   |  1- 3 |  4- 6 |  7- 9 | 10-12 | 13-15 | 16-18 || total
-------------------------+-------+-------+-------+-------+-------+-------++-------
Melee: Hand axe          |    74 |    13 |       |     8 |       |       ||    95
       Headbutt          |    13 |    21 |    76 |   194 |   337 |   161 ||   802
       War axe           |       |   123 |   321 |   740 |  1138 |   506 ||  2828
 Fire: Hand crossbow     |       |       |       |     6 |       |       ||     6
Invok: Berserk           |       |     3 |    10 |    26 |    32 |    11 ||    82
       Trog's Hand       |       |       |       |       |     2 |     2 ||     4
       Brothers in Arms  |       |       |       |       |     1 |     1 ||     2
 Abil: Evoke Flight      |       |       |       |       |     3 |       ||     3
Evoke: Wand              |       |       |     5 |     9 |     3 |       ||    17
  Use: Scroll            |     3 |       |    11 |    10 |    12 |     3 ||    39
       Potion            |       |       |     1 |     2 |     3 |       ||     6
 Stab: Paralysed         |       |       |     3 |       |       |       ||     3
       Invisible         |       |       |       |       |     2 |       ||     2
       Petrified         |       |       |       |       |     2 |       ||     2
       Distracted        |       |       |       |       |       |     1 ||     1
Armor: Animal skin       |     2 |       |       |       |       |       ||     2
       Scale mail        |    36 |    43 |     4 |       |    86 |    32 ||   201
       Plate armour      |       |       |   165 |   387 |   176 |       ||   728
       Fire dragon scale |       |       |       |       |    82 |    85 ||   167
Dodge: Dodged            |    41 |    95 |   114 |   201 |   537 |   317 ||  1305
Block: Other             |       |     8 |    39 |       |       |       ||    47
       Reflection        |       |       |     6 |    14 |    26 |    54 ||   100
       Kite shield       |       |       |    62 |   638 |   858 |   453 ||  2011
